 Dungeon Crawl Stone Soup version 0.31-a0-986-g5e6e4ef867 (webtiles) character file.

Game seed: 9692000972405926058

201898 sammy202020 the Warrior (level 17, -1/169 HPs)
             Began as a Minotaur Berserker on Nov 11, 2023.
             Was the Champion of Trog.
             Slain by Nikola
             ... wielding a +2 rapier of electrocution
              (17 damage)
             ... on level 2 of the Elven Halls.
             The game lasted 01:03:36 (28405 turns).

sammy202020 the Warrior (Minotaur Berserker)       Turns: 28405, Time: 01:03:37

Health: -1/169     AC: 46    Str: 27    XL:     17   Next: 92%
Magic:  16/16      EV: 14    Int: 13    God:    Trog [******]
Gold:   1991       SH: 13    Dex: 15    Spells: 16/16 levels left

rFire   . . .        A - +2 morningstar (vamp)
rCold   + . .        G - +0 buckler of Articulation {Regen+ Str+3 Dex+3}
rNeg    + . .        v - +10 plate armour of Henotheism {Dex+2}
rPois   +            Q - +1 hat {Will+}
rElec   .            l - +2 cloak
rCorr   +            t - +1 pair of gloves of the Gate {rPois rC+ rN+ Int+3}
SInv    +            F - +2 pair of boots of Kasicohe {Stlth+}
Will    ++...        Z - amulet of reflection Stlth
                     L - ring of see invisible
HPRegen 1.28/turn    s - ring "Vuireumna" {rCorr AC+4 Slay+2}
MPRegen 0.15/turn

%: reflection
@: about to teleport
A: horns 2, retaliatory headbutt, claws 1, iridescent scales 1
}: 1/15 runes: decaying
a: Renounce Religion, Berserk, Trog's Hand, Brothers in Arms


You were on level 2 of the Elven Halls.
You worshipped Trog.
Trog was exalted by your worship.
You visited 6 branches of the dungeon, and saw 29 of its levels.
You also visited: Sewer, Bailey and Gauntlet.

You collected 2841 gold pieces.
You spent 850 gold pieces at shops.

Inventory:

Hand Weapons
 m - a +3 eveningstar of chaos
 A - a +2 vampiric morningstar (weapon)
Missiles
 n - 2 throwing nets
 H - 14 boomerangs (quivered)
Armour
 l - a +2 cloak (worn)
 t - the +1 pair of gloves of the Gate (worn) {rPois rC+ rN+ Int+3}
   (You found it on level 6 of the Dungeon)

   Int+3:     It affects your intelligence (+3).
   rC+:       It protects you from cold.
   rPois:     It protects you from poison rN+: It protects you from negative
   energy.
 v - the +10 plate armour of Henotheism (worn) {Dex+2}
   (You took it off an orc warrior on level 6 of the Dungeon)

   Dex+2:     It affects your dexterity (+2).
 F - the +2 pair of boots of Kasicohe (worn) {Stlth+}
   (You found it in a bailey)

   Stlth+:    It makes you more stealthy.
 G - the +0 buckler of Articulation (worn) {Regen+ Str+3 Dex+3}
   (You acquired it in a bailey)

   Str+3:     It affects your strength (+3).
   Dex+3:     It affects your dexterity (+3).
   Regen+:    It increases your rate of health regeneration.
 Q - a +1 hat of willpower (worn)
Jewellery
 a - a ring of flight
 h - a ring of protection from cold
 s - the ring "Vuireumna" (right hand) {rCorr AC+4 Slay+2}
   (You found it in a Gauntlet)

   [ring of protection]

   AC+4:      It affects your AC (+4).
   Slay+2:    It affects your accuracy & damage with ranged weapons and melee
   (+2).
   rCorr:     It protects you from acid and corrosion.
 L - a ring of see invisible (left hand)
 Y - a ring of fire
 Z - an amulet of reflection (around neck)
Wands
 w - a wand of roots (29)
 y - a wand of digging (9)
 z - a wand of mindburst (15)
 N - a wand of flame (24)
 R - a wand of polymorph (12)
 S - a wand of charming (14)
 V - a wand of quicksilver (12)
Scrolls
 d - 2 scrolls of poison
 e - 10 scrolls of teleportation
 f - 7 scrolls of noise
 j - 11 scrolls of identify
 o - 4 scrolls of fear
 u - 2 scrolls of summoning
 x - a scroll of enchant weapon
 C - 5 scrolls of fog
 D - a scroll of silence
 I - 3 scrolls of revelation
 K - a scroll of brand weapon
 M - a scroll of torment
 X - 2 scrolls of vulnerability
Potions
 b - 5 potions of lignification
 c - 4 potions of cancellation
 g - 7 potions of curing
 i - 5 potions of attraction
 k - 4 potions of enlightenment
 p - 3 potions of magic
 q - 4 potions of ambrosia
 r - 2 potions of berserk rage
 B - 2 potions of heal wounds
 E - 6 potions of might
 J - a potion of invisibility
 P - 2 potions of resistance
 U - 2 potions of haste


   Skills:
 * Level 19.6 Fighting
 + Level 18.8 Maces & Flails
 * Level 19.5 Armour
 + Level 13.4 Dodging
 * Level 16.4 Shields


You had 16 spell levels left.
You didn't know any spells.
Your spell library was empty.

Dungeon Overview and Level Annotations

Branches:
Dungeon (15/15)            Temple (1/1) D:4            Lair (5/5) D:10
  Swamp (4/4) Lair:2        Snake (0/4) Lair:3        Slime (0/5) Lair:5
    Orc (2/2) D:10            Elf (2/3) Orc:2        Vaults (0/5) D:13
 Depths (0/4) D:15          Sewer (visited)          Bailey (visited)
Gauntlet (visited)

Altars:
Ashenzari
Cheibriados
Dithmenos
Elyvilon
Fedhas
Gozag
Hepliaklqana
Kikubaaqudgha
Makhleb
Nemelex Xobeh
Okawaru
Qazlal
Ru
Sif Muna
Trog
Uskayaw
Vehumet
Wu Jian
Xom
Yredelemnul
Zin
The Shining One
Jiyva

Shops:
D:7 ([   D:13 (   D:14 ?[!   Orc:2 [*=(

Annotations:
D:15 3 runed translucent doors, Bekuax's ghost, journeyman DgVM
Elf:2 Louise; Nikola


Innate Abilities, Weirdness & Mutations

You have a pair of horns on your head.
You reflexively headbutt those who attack you in melee.
You have sharp fingernails.
You are partially covered in iridescent scales. (AC +2)


Message History

The deep elf knight shoots an arrow.
The arrow hits you but does no damage.
The deep elf zephyrmancer looks as sick as possible!
Louise is engulfed in poison gas.
Louise looks as sick as possible!
Nikola is engulfed in poison gas.
Nikola looks as sick as possible!
Nikola mumbles, "Hm, I wonder if you're conductive."
Nikola hits you but does no damage.
You are electrocuted!!
* * * LOW HITPOINT WARNING * * *
You feel much better.
The deep elf knight shoots an arrow.
You block the arrow with an invisible shield... and reflect it back!
The arrow closely misses the deep elf knight.
The +2 battleaxe of flaming barely misses you.
The deep elf zephyrmancer is engulfed in poison gas.
The deep elf zephyrmancer looks as sick as possible!
A deep elf knight comes into view. It is wielding a +0 scimitar.
Nikola is engulfed in poison gas.
Nikola looks as sick as possible!
Nikola hits you but does no damage.
The air fills with toxic fumes!
As you read the scroll of poison, it crumbles to dust.
You block the +2 battleaxe of flaming's attack.
The deep elf zephyrmancer is engulfed in poison gas.
The deep elf zephyrmancer looks as sick as possible!
The deep elf zephyrmancer gestures wildly while chanting.
The deep elf zephyrmancer blinks!
Nikola gestures at you while chanting. The bolt of lightning hits you!!
* * * LOW HITPOINT WARNING * * *
The bolt of lightning hits the +2 battleaxe of flaming.
The +2 battleaxe of flaming completely resists.
The +2 battleaxe of flaming barely misses you.
As you read the scroll of teleportation, it crumbles to dust.
You feel strangely unstable.
The deep elf knight shoots an arrow.
The arrow hits you but does no damage.
The deep elf zephyrmancer is engulfed in poison gas.
The deep elf zephyrmancer looks as sick as possible!
You kill the deep elf zephyrmancer!
Trog accepts your kill.
Trog appreciates your killing of a magic user.
Louise is engulfed in poison gas.
Louise looks as sick as possible!
Nikola hits you but does no damage.
You are electrocuted!
You die...

#..........⌠.# #........#
# ##.....§§§§§§#
##§§§§...## #
##.....§§..§###§○§.§.###
##.....§§°○##§§°§°§##
##..⌠..§.§##§.§§§§#
##......§'§°§°§○§##
#######§°§§.§.§§.###
###§@§§§○.§§...## #
##§§§@)@○°§§§....# #
#§§§§(§§○..§§....## ##
.°§§.§§°§§§○○°°§.....###.
.§§§○°§§§§§°§○§§.........
.°§§§§§§§.○°§§°§.........
.§e§°°§.§§○§§§§§.........
.§°§°###§§°○○°§§.###.....
.§§§# ##§°e§°§§## ##...#
.... #.......# #...#


You could see Nikola (extremely poisoned), Louise (extremely poisoned), 2 deep
elf knights and a +2 battleaxe of flaming.

Vanquished Creatures
  Mara (Swamp:3)
  Rupert (Lair:3)
  A deep elf blademaster (Elf:2)
  Gastronok (Lair:1)
  A thorn hunter (Swamp:4)
  2 fenstrider witches
  2 orc warlords
  A ghoul (Swamp:2)
  4 eleionomae
  A deep elf annihilator (Elf:2)
  5 bunyips
  A minotaur (Gauntlet)
  Azrael (Elf:2)
  4 fire dragons
  4 shambling mangroves
  Harold (D:10)
  3 vault guards (D:13)
  14 hydras
  A catoblepas (Gauntlet)
  13 alligators
  A ghost crab (Swamp:2)
  20 dancing weapons
  3 centaur warriors
  7 two-headed ogres
  3 boulder beetles
  14 death yaks
  2 orc high priests (Orc:2)
  Sonja (Lair:1)
  A sun demon (D:15)
  11 deep elf knights
  8 goliath frogs
  A death drake (Swamp:3)
  A sixfirhy (D:15)
  A skyshark (Lair:2)
  12 swamp dragons
  7 spriggan druids
  3 lindwurms
  A lindwurm (shapeshifter) (D:15)
  6 bog bodies
  5 deep elf archers
  16 deep elf pyromancers
  17 deep elf zephyrmancers
  6 orc knights
  4 cyclopes
  3 manticores
  6 ugly things (D:15)
  6 orc sorcerers
  5 will-o-the-wisps (Swamp:4)
  A salamander (D:15)
  12 black mambas
  4 molten gargoyles
  22 elephants
  A rust devil (D:15)
  2 torpor snails
  5 cane toads
  An orange demon (D:15)
  3 rime drakes
  Jeremiah (D:8)
  3 gargoyles
  A kobold demonologist (D:12)
  8 komodo dragons
  An unseen horror (D:10)
  The ghost of hgbash the Sneak, a novice OpCj (D:6)
  2 freezing wraiths
  2 tengu conjurers
  2 efreet
  3 red devils (D:15)
  2 polar bears
  4 trolls
  7 tyrant leeches
  14 hornets
  27 dream sheep
  29 blink frogs
  7 slime creatures
  3 vampires
  A centaur simulacrum (D:14)
  2 shadows
  3 air elementals
  A water elemental (Elf:1)
  13 spriggans
  10 wyverns
  6 fire elementals
  3 wraiths
  2 basilisks (Lair:5)
  54 yaks
  17 vampire mosquitoes
  4 humans (D:13)
  5 steam dragons
  17 swamp worms
  7 wargs
  3 acid dragons
  8 water moccasins
  8 hell hounds
  31 orc warriors
  2 sky beasts
  17 swamp drakes
  10 wolves (Lair:4)
  2 ogres (Orc:2)
  10 centaurs
  3 phantoms
  2 kobold brigands
  16 bullfrogs
  2 necrophages (Swamp:2)
  A scorpion (D:6)
  8 wights
  10 killer bees (D:10)
  An electric eel (Lair:2)
  A howler monkey (D:6)
  5 lava snakes
  6 hounds
  9 jellies
  13 orc priests
  2 iguanas
  3 sleepcaps
  23 orc wizards
  9 gnolls
  13 adders
  A shadow imp (D:6)
  3 white imps
  2 dart slugs
  54 orcs
  13 bats
  10 endoplasms
  10 giant cockroaches
  24 goblins
  11 hobgoblins
  3 jackals
  12 quokkas
  13 ball pythons
  10 frilled lizards
  11 kobolds
  6 rats
947 creatures vanquished.

Vanquished Creatures (collateral kills)
  2 hell hounds (Gauntlet)
2 creatures vanquished.

Vanquished Creatures (others)
  Aizul (Swamp:2)
  A dancing weapon (Elf:2)
  A deep elf knight (Elf:2)
  2 bloated husks (Swamp:1)
  A swamp drake (Swamp:4)
  An orc wizard (D:5)
  An orc (Orc:2)
  33 foxfires (Swamp:4)
41 creatures vanquished.

Grand Total: 990 creatures vanquished

Notes
Turn   | Place    | Note
-------+----------+-------------------------------------------
     0 | D:1      | sammy202020 the Minotaur Berserker began the quest for the
                  | Orb.
     0 | D:1      | Reached XP level 1. HP: 19/19 MP: 0/0
   133 | D:1      | Reached XP level 2. HP: 26/27 MP: 1/1
   830 | D:1      | Reached XP level 3. HP: 29/33 MP: 2/2
  1362 | D:2      | Reached ** piety under Trog
  1450 | D:2      | Noticed a phantom
  1460 | D:2      | Killed a phantom
  1461 | D:2      | Reached XP level 4. HP: 22/41 MP: 3/3
  1689 | D:2      | Reached XP level 5. HP: 47/47 MP: 4/4
  1951 | D:3      | Reached skill level 5 in Fighting
  1964 | D:3      | Found a stormy altar of Qazlal.
  2099 | D:3      | Reached skill level 5 in Maces & Flails
  2263 | D:3      | Found a faded altar of an unknown god.
  2267 | D:3      | Found a broken altar of Ashenzari.
  2955 | D:4      | Reached XP level 6. HP: 56/56 MP: 5/5
  2987 | D:4      | Found a staircase to the Ecumenical Temple.
  3411 | D:5      | Entered Level 5 of the Dungeon
  4027 | D:5      | Reached skill level 5 in Armour
  4210 | D:5      | Reached XP level 7. HP: 59/63 MP: 6/6
  4608 | D:6      | Found a bloodstained altar of Trog.
  4641 | D:6      | Found a sparkling altar of Nemelex Xobeh.
  4641 | D:6      | Found an opulent altar of Gozag.
  4746 | D:6      | Found a runed translucent gate.
  4746 | D:6      | Found a runed translucent gate.
  4747 | D:6      | Identified the +10 plate armour of Henotheism {Dex+2}
  4748 | D:6      | Found a runed translucent gate.
  4750 | D:6      | Noticed hgbash's ghost (novice OpCj)
  4839 | D:6      | Found a glowing drain.
  4868 | D:6      | Reached *** piety under Trog
  4879 | Sewer    | Entered a sewer
  5125 | Sewer    | Reached XP level 8. HP: 73/73 MP: 7/7
  5171 | Sewer    | Gained mutation: You passively map a small area around you.
                  | [potion of mutation]
  5171 | Sewer    | Gained mutation: You have large cloven feet. [potion of
                  | mutation]
  5267 | D:6      | Reached **** piety under Trog
  5600 | D:6      | Reached skill level 5 in Dodging
  5610 | D:6      | Killed hgbash's ghost
  5611 | D:6      | Reached XP level 9. HP: 79/82 MP: 8/8
  5638 | D:6      | Identified the +1 pair of gloves of the Gate {rPois rC+ rN+
                  | Int+3}
  5710 | D:7      | Found Congoxam's Armour Boutique.
  5991 | D:7      | Found Sontos's Weapon Shop.
  6248 | D:7      | Identified the +2 robe "Ociossyh" {MP+9}
  6486 | D:7      | Found a radiant altar of Vehumet.
  6487 | D:7      | Found a glowing silver altar of Zin.
  7097 | D:8      | Reached skill level 10 in Fighting
  7251 | D:8      | Reached XP level 10. HP: 90/93 MP: 9/9
  7296 | D:8      | Noticed Jeremiah
  7319 | D:8      | Killed Jeremiah
  7320 | D:8      | Reached skill level 10 in Maces & Flails
  7440 | D:8      | Noticed a two-headed ogre
  7449 | D:8      | Killed a two-headed ogre
  7575 | D:8      | Reached skill level 10 in Armour
  7580 | D:8      | Reached ***** piety under Trog
  7880 | D:9      | Noticed a two-headed ogre
  8089 | D:9      | Killed a two-headed ogre
  8308 | D:9      | You fall into a shaft and drop 2 floors!
  8332 | D:10     | Entered Level 10 of the Dungeon
  8526 | D:10     | Noticed Harold
  8544 | D:10     | Killed Harold
  8626 | D:10     | Found a hide-covered altar of Uskayaw.
  8652 | D:10     | Found a flagged portal.
  8676 | Bailey   | Entered a bailey
  8922 | Bailey   | Reached XP level 11. HP: 90/102 MP: 8/10
  9053 | Bailey   | Noticed an orc warlord
  9070 | Bailey   | Killed an orc warlord
  9106 | Bailey   | Identified the +2 pair of boots of Kasicohe {Stlth+}
  9131 | Bailey   | Acquired the +0 buckler of Articulation {Regen+ Str+3
                  | Dex+3}
  9325 | D:10     | Reached skill level 1 in Shields
  9326 | D:10     | Lost mutation: You have large cloven feet. [potion of
                  | mutation]
  9326 | D:10     | Lost mutation: You passively map a small area around you.
                  | [potion of mutation]
  9326 | D:10     | Gained mutation: You are partially covered in iridescent
                  | scales. (AC +2) [potion of mutation]
  9347 | D:10     | Found a staircase to the Lair.
  9438 | D:10     | Found a staircase to the Orcish Mines.
  9847 | D:10     | Received a gift from Trog
 10269 | D:11     | Found a hazy altar of Hepliaklqana.
 10321 | D:11     | Noticed a two-headed ogre
 10325 | D:11     | Killed a two-headed ogre
 10481 | D:11     | Noticed a two-headed ogre
 10492 | D:11     | Killed a two-headed ogre
 10990 | D:12     | Noticed a two-headed ogre
 10994 | D:12     | Killed a two-headed ogre
 11088 | D:12     | Reached XP level 12. HP: 98/113 MP: 8/11
 11158 | D:12     | Noticed a two-headed ogre
 11165 | D:12     | Killed a two-headed ogre
 11440 | D:12     | Reached skill level 5 in Shields
 11643 | D:13     | Noticed a centaur warrior
 11652 | D:13     | Killed a centaur warrior
 11700 | D:13     | Noticed a centaur warrior
 11709 | D:13     | Killed a centaur warrior
 11731 | D:13     | Noticed a two-headed ogre
 11741 | D:13     | Killed a two-headed ogre
 11906 | D:13     | Noticed a boulder beetle
 11916 | D:13     | Killed a boulder beetle
 11938 | D:13     | Found Daonukk's Weapon Emporium.
 11949 | D:13     | Identified the +8 flail of the Warrior-Mage {flame, Fly
                  | rF++ rCorr Str-4}
 12099 | D:13     | Found a gate leading to a gauntlet.
 12120 | D:13     | Noticed a vault guard
 12123 | Gauntlet | Entered a Gauntlet
 12123 | Gauntlet | Found a transporter.
 12126 | Gauntlet | Noticed a catoblepas
 12127 | Gauntlet | Found a transporter.
 12130 | Gauntlet | Found a transporter.
 12133 | Gauntlet | Found a transporter.
 12134 | Gauntlet | Found a transporter.
 12139 | Gauntlet | Found a transporter.
 12142 | Gauntlet | Found a runed translucent door.
 12145 | Gauntlet | Found a runed translucent door.
 12151 | Gauntlet | Found a transporter.
 12169 | Gauntlet | Found a transporter.
 12248 | Gauntlet | Killed a catoblepas
 12334 | Gauntlet | Identified the ring "Vuireumna" {rCorr AC+4 Slay+2}
 12341 | Gauntlet | Identified the +0 spear of the Foot {holy, Str+3 Dex+2
                  | Stlth+}
 12353 | Gauntlet | Noticed a minotaur
 12366 | Gauntlet | Killed a minotaur
 12629 | D:13     | Noticed a vault guard
 12630 | D:13     | Noticed an eight-headed hydra
 12644 | D:13     | Killed an eight-headed hydra
 12650 | D:13     | Killed a vault guard
 12695 | D:13     | Killed a vault guard
 12696 | D:13     | Reached XP level 13. HP: 108/124 MP: 8/12
 12766 | D:13     | Found a gate to the Vaults.
 13060 | D:14     | Found Neaduhatho's Magic Scroll Boutique.
 13067 | D:14     | Bought a scroll of enchant armour for 112 gold pieces
 13448 | D:14     | Found Votayng's Antique Armour Boutique.
 13589 | D:14     | Found Fezy's Distillery.
 13592 | D:14     | Bought a potion of resistance for 170 gold pieces
 13592 | D:14     | Bought a potion of curing for 51 gold pieces
 13592 | D:14     | Bought a potion of heal wounds for 85 gold pieces
 13763 | D:15     | Entered Level 15 of the Dungeon
 13982 | D:15     | Found a runed translucent gate.
 13983 | D:15     | Found a runed translucent gate.
 13984 | D:15     | Found a runed translucent gate.
 13988 | D:15     | Noticed Bekuax's ghost (journeyman DgVM)
 13989 | D:15     | Noticed an eidolon
 14433 | D:15     | Reached skill level 10 in Dodging
 14545 | D:15     | Found a staircase to the Depths.
 14886 | Lair:1   | Entered Level 1 of the Lair of Beasts
 14889 | Lair:1   | Noticed Gastronok
 14898 | Lair:1   | Reached skill level 15 in Fighting
 14911 | Lair:1   | Killed Gastronok
 15099 | Lair:1   | Noticed Sonja
 15130 | Lair:1   | Killed Sonja
 15199 | Lair:1   | Identified the +5 falchion of Loerila {flame, Str+4}
 15270 | Lair:1   | Reached skill level 15 in Maces & Flails
 15309 | Lair:1   | Received a gift from Trog
 15729 | Lair:2   | Reached XP level 14. HP: 110/135 MP: 10/13
 15820 | Lair:2   | Reached skill level 10 in Shields
 16099 | Lair:2   | Reached skill level 15 in Armour
 16163 | Lair:2   | Found a staircase to the Swamp.
 16334 | Lair:2   | Lost mutation: You are partially covered in iridescent
                  | scales. (AC +2) [potion of mutation]
 16334 | Lair:2   | Gained mutation: You are agile. (Dex +4, Str/Int -1)
                  | [potion of mutation]
 16334 | Lair:2   | Gained mutation: You passively map a small area around you.
                  | [potion of mutation]
 16731 | Lair:3   | Found a staircase to the Snake Pit.
 16966 | Lair:3   | Noticed Rupert
 16982 | Lair:3   | Killed Rupert
 17063 | Lair:3   | Found a dark tunnel.
 18007 | Lair:4   | Reached ****** piety under Trog
 18161 | Lair:4   | Received a gift from Trog
 18591 | Lair:5   | Entered Level 5 of the Lair of Beasts
 18710 | Lair:5   | Reached XP level 15. HP: 142/145 MP: 12/14
 18981 | Lair:5   | Received a gift from Trog
 19076 | Lair:5   | Found a staircase to the Slime Pits.
 19130 | Lair:5   | Found a viscous altar of Jiyva.
 19366 | Lair:5   | Found a large runed translucent door.
 19366 | Lair:5   | Found a large runed translucent door.
 20187 | Swamp:1  | Entered Level 1 of the Swamp
 20720 | Swamp:1  | Received a gift from Trog
 21262 | Swamp:2  | Reached XP level 16. HP: 155/155 MP: 15/15
 21681 | Swamp:2  | Identified the serpent talisman of Compression {Fly Str+3
                  | Int+4}
 21681 | Swamp:2  | Noticed Aizul
 21695 | Swamp:2  | Killed Aizul
 21918 | Swamp:2  | Identified the +4 mace "Ottupig" {flame, rN+}
 22421 | Swamp:3  | Noticed Mara
 22432 | Swamp:3  | Noticed sammy202020's illusion
 22463 | Swamp:3  | Killed Mara
 22963 | Swamp:4  | Entered Level 4 of the Swamp
 23052 | Swamp:4  | Lost mutation: You passively map a small area around you.
                  | [potion of mutation]
 23052 | Swamp:4  | Lost mutation: You are agile. (Dex +4, Str/Int -1) [potion
                  | of mutation]
 23052 | Swamp:4  | Gained mutation: You are partially covered in iridescent
                  | scales. (AC +2) [potion of mutation]
 23052 | Swamp:4  | Gained mutation: You have sharp fingernails. [potion of
                  | mutation]
 23139 | Swamp:4  | Received a gift from Trog
 23263 | Swamp:4  | Noticed a thorn hunter
 23282 | Swamp:4  | Killed a thorn hunter
 23569 | Swamp:4  | Reached XP level 17. HP: 153/166 MP: 16/16
 23599 | Swamp:4  | Got a decaying rune of Zot
 23702 | Swamp:4  | Reached skill level 15 in Shields
 24385 | Temple   | Entered the Ecumenical Temple
 24549 | Orc:1    | Entered Level 1 of the Orcish Mines
 25017 | Orc:2    | Entered Level 2 of the Orcish Mines
 25017 | Orc:2    | Found a staircase to the Elven Halls.
 25047 | Orc:2    | Received a gift from Trog
 25324 | Orc:2    | Found Kaozev's General Store.
 25662 | Orc:2    | Found Vaunor's Jewellery Emporium.
 25685 | Orc:2    | Found Nyomybil's Antique Weapon Emporium.
 25691 | Orc:2    | Bought a fading flail for 229 gold pieces
 25691 | Orc:2    | Identified the +9 flail of Infection {venom, Dex+5} (You
                  | bought it in a shop on level 2 of the Orcish Mines)
 25726 | Orc:2    | Found Zukubbok's Antique Armour Emporium.
 25733 | Orc:2    | Bought an embroidered hat for 203 gold pieces
 25793 | Vaults:5 | Identified the of Nece
 25793 | Vaults:5 | Identified the "Qeatiesm"
 25793 | Crypt:2  | Identified the "Ypaomam"
 25793 | Crypt:3  | Identified the "Arhodi Faisi"
 25793 | Depths:2 | Identified the of Joejaj
 25793 | Depths:2 | Identified the "Ecier"
 25793 | Depths:2 | Identified the of Hipt
 25793 | Depths:2 | Identified the of Caif
 25793 | Depths:2 | Identified the "Hatz"
 25793 | Elf:1    | Entered Level 1 of the Elven Halls
 25852 | Elf:1    | Received a gift from Trog
 26513 | Elf:1    | Paralysed by an air elemental for 1 turns
 26878 | Elf:1    | Paralysed by an air elemental for 1 turns
 27501 | Elf:2    | Found a runed translucent gate.
 27502 | Elf:2    | Found a runed translucent gate.
 27502 | Elf:2    | Found a runed translucent gate.
 27539 | Elf:2    | Paralysed by an air elemental for 1 turns
 27541 | Elf:2    | Paralysed by an air elemental for 1 turns
 27557 | Elf:2    | Received a gift from Trog
 27747 | Elf:2    | Noticed a deep elf blademaster
 27749 | Elf:2    | Noticed Azrael
 27792 | Elf:2    | Killed a deep elf blademaster
 27828 | Elf:2    | Killed Azrael
 28176 | Elf:2    | Noticed Nikola
 28178 | Elf:2    | Noticed Louise
 28405 | Elf:2    | Slain by Nikola

Illustrated notes

Levels and vault maps discovered:
D:1:      beargit_arrival_greenhouse, layout_basic, grunt_decor_clamped
D:2:      layout_basic
D:3:      layout_rooms, nicolae_qazlal_general_emergency,
          nicolae_overflow_ecumenical_swirl
D:4:      minmay_evil_eye, layout_loops_ring, minmay_temple_entry_glassed_door,
          minmay_door_square, eino_tiny_chamber
D:5:      layout_basic
D:6:      layout_basic, grunt_temple_overflow_opulence,
          mainiacjoe_overflow_small_starburst, gup_sewer_entry_glass,
          biasface_ghost_orc_armoury
D:7:      nicolae_cairo_tiling_large, layout_basic, nicolae_overflow_squiral,
          serial_shops, nicolae_shop_getting_attention, shop_statue,
          grunt_ministairs_10
D:8:      layout_gridville, uniq_jeremiah
D:9:      layout_rooms
D:10:     layout_basic, amcnicky_altar_gilded, erik_lair_orcish_takeover,
          orc_0_dummy, enter_bailey_5, uniq_harold
D:11:     layout_stronghold, serial_park_tiny_1, serial_bayou_pond_d,
          nicolae_hepliaklqana_hazy_memory
D:12:     layout_cave_pods
D:13:     layout_roguey, grunt_vaults_entry_fortified, gauntlet_entry_generic,
          serial_shops, shop
D:14:     layout_irregular_city, serial_shops, shop, nicolae_shop_behind_doors,
          nicolae_shop_statue_plus, chequers_mini_garden
D:15:     hangedman_depths_entry_try_elsewhere_first, layout_irregular_city,
          chequers_jeans, gammafunk_ghost_spectres, serial_demonic,
          serial_demonic_a, serial_demonic_g, serial_demonic_f, serial_demonic_e
Temple:   nicolae_temple_ecumenical_triangle
Lair:1:   layout_regular_city, uniq_sonja, uniq_gastronok
Lair:2:   layout_regular_city, nicolae_swamp_entry_splash_gauntlet,
          serial_bayou_pond_e
Lair:3:   layout_big_grid, dummy_snake_entry, lightli_volcano_entry_magma_tube,
          infiniplex_staircase_pool_2, uniq_rupert
Lair:4:   layout_misc_corridors, roderic_batcave
Lair:5:   cheibrodos_lair_end_hotspot, layout_regular_city,
          nicolae_slime_entry_field_trip
Swamp:1:  layout_basic_swamp, serial_swamp_ruin, evilmike_swamp_ruin_house_2,
          evilmike_swamp_ruin_house_5, swamp_pool_5, nicolae_swamp_big_swirl
Swamp:2:  layout_basic_swamp, evilmike_swamp_ruin_wall, uniq_aizul
Swamp:3:  layout_basic_swamp, nicolae_swamp_stair_fork, uniq_mara
Swamp:4:  swamp_fiery, layout_basic_swamp, swamp_pool_5
Orc:1:    layout_diamond_mine, mines2_david
Orc:2:    grunt_orc_cross, layout_caves
Elf:1:    nicolae_elf_arrival_aired_out, layout_rooms, serial_co_window_serial,
          co_window_paths_b, co_window_paths_a, co_window_paths_a,
          co_window_corner_a, co_window_corner_a, co_window_cross_2,
          co_window_broadway_a, co_window_cross_3, co_window_broadway_a,
          co_window_2corner, co_window_corner_b, co_window_corner_b,
          glass_columns_a, glass_columns_a
Elf:2:    nicolae_elf_blades_crystal_corner, layout_geoelf_octagon, hex_tiny,
          uniq_louise, uniq_azrael, uniq_nikola

Skill      XL: |  1  2  3  4  5  6  7  8  9 10 11 12 13 14 15 16 17 |
---------------+----------------------------------------------------+-----
Fighting       | 4 5 6 7 8 10 11 12 14 15 16 17 18 19 | 19.6
Maces & Flails | 4 5 6 8 9 11 12 13 15 16 17 18 | 18.8
Armour         | 3 4 5 6 7 9 11 12 13 14 16 17 18 19 | 19.5
Dodging        | 3 4 5 6 7 8 9 10 11 12 13 | 13.4
Shields        | 4 7 9 11 13 14 16 | 16.4

Action                     |  1- 3 |  4- 6 |  7- 9 | 10-12 | 13-15 | 16-18 || total
---------------------------+-------+-------+-------+-------+-------+-------++-------
  Melee: Mace              |    68 |    16 |       |       |       |       ||    84
         Headbutt          |     7 |    14 |    35 |   129 |   407 |   274 ||   866
         Flail             |       |    89 |   262 |   107 |       |       ||   458
         Punch             |       |     3 |     2 |     4 |       |       ||     9
         Kick              |       |       |    46 |    80 |       |       ||   126
         Morningstar       |       |       |       |   477 |  1265 |   892 ||  2634
         Eveningstar       |       |       |       |       |    32 |   173 ||   205
  Throw: Boomerang         |       |       |       |     1 |       |     9 ||    10
 Invoke: Berserk           |       |     1 |     2 |     6 |     7 |     8 ||    24
         Trog's Hand       |       |       |     1 |     5 |     2 |     6 ||    14
         Brothers in Arms  |       |       |       |     1 |       |       ||     1
  Evoke: Wand              |       |       |       |       |       |     7 ||     7
    Use: Scroll            |     3 |    12 |     5 |     5 |     8 |    11 ||    44
         Potion            |       |     1 |     1 |     3 |     1 |     7 ||    13
   Stab: Distracted        |       |       |       |       |     1 |     1 ||     2
         Confused          |       |       |       |       |       |     5 ||     5
 Armour: Leather armour    |     8 |       |       |       |       |       ||     8
         Animal skin       |     4 |       |       |       |       |       ||     4
         Ring mail         |    29 |    43 |       |       |       |       ||    72
         Scale mail        |       |    37 |       |       |       |       ||    37
         Chain mail        |       |     9 |   152 |       |       |       ||   161
         Plate armour      |       |       |   101 |   794 |  1110 |   898 ||  2903
  Dodge: Dodged            |    36 |    56 |   129 |   336 |   698 |   493 ||  1748
  Block: Buckler           |       |       |       |   110 |   508 |   672 ||  1290
         Reflection        |       |       |       |       |     1 |    37 ||    38

Table legend: (Time is in decaauts)
 A = Elapsed time spent in this place.
 B = Non-inter-level travel time spent in this place.
 C = Inter-level travel time spent in this place.
 D = Time resting spent in this place.
 E = Time spent auto-exploring this place.
 F = Levels seen in this place.
 G = Mean time per level.
                   A        B        C        D        E       F      G
               +--------+--------+--------+--------+--------+-----+--------+
         Total |  28317 |  27053 |   1264 |   3477 |  16754 |  32 |  884.9 |
       Dungeon |  13987 |  13441 |    546 |   1799 |   8828 |  15 |  932.5 |
        Temple |     21 |     20 |      1 |      0 |      0 |   1 |   21.0 |
          Lair |   5175 |   4721 |    454 |     48 |   3350 |   5 | 1035.0 |
         Swamp |   4040 |   3831 |    209 |    836 |   1914 |   4 | 1010.0 |
  Orcish Mines |   1507 |   1484 |     23 |    348 |    796 |   2 |  753.5 |
   Elven Halls |   2227 |   2198 |     29 |    414 |   1201 |   2 | 1113.5 |
         Sewer |    385 |    385 |      0 |      0 |    192 |   1 |  385.0 |
        Bailey |    594 |    594 |      0 |      0 |    377 |   1 |  594.0 |
      Gauntlet |    379 |    379 |      0 |     30 |     95 |   1 |  379.0 |
               +--------+--------+--------+--------+--------+-----+--------+

Top non-repeatable levels by time:
     D:8: 1443 daAuts
  Lair:5: 1385 daAuts
    D:10: 1210 daAuts
     D:1: 1198 daAuts
  Lair:3: 1169 daAuts
     D:5: 1165 daAuts
   Elf:1: 1148 daAuts
 Swamp:4: 1130 daAuts
    D:13: 1104 daAuts
   Elf:2: 1079 daAuts
 Swamp:3: 1055 daAuts
   Orc:2: 1049 daAuts
    D:15: 1041 daAuts
     D:7: 975 daAuts
  Lair:2: 959 daAuts
